 Dungeon Crawl Stone Soup version 0.24.0-29-g8ce449bc06 (webtiles) character file.

Game seed: 15384179520345760922, levelgen mode: deterministic

105 Aelig the Vexing (level 4, 0/30 HPs)
             Began as a Vampire Enchanter on Nov 16, 2019.
             Slain by a rat (1 damage)
             ... on level 3 of the Dungeon.
             The game lasted 00:08:26 (2040 turns).

Aelig the Vexing (Vampire Enchanter)                Turns: 2040, Time: 00:08:27

Health: 0/30       AC:  2    Str:  7    XL:     4   Next: 53%
Magic:  2/7        EV: 11    Int: 18    God:
Gold:   223        SH:  0    Dex: 14    Spells: 4/7 levels left

rFire    . . .     SeeInvis +   a - +1 dagger
rCold    . . .     Gourm    .   (no shield)
rNeg     . . .     Faith    .   b - +0 robe
rPois    .         Spirit   .   (no helmet)
rElec    .         Reflect  .   (no cloak)
rCorr    .         Harm     .   (no gloves)
MR       .....                  (no boots)
Stlth    ++........             (no amulet)
HPRegen  0.30/turn              (no ring)
MPRegen  0.10/turn              (no ring)

@: regenerating quickly, heavily drained
A: no food, fangs 3, see invisible, unbreathing
a: Exsanguinate


You were on level 3 of the Dungeon.
You were alive.

You visited 1 branch of the dungeon, and saw 3 of its levels.

You collected 223 gold pieces.

Inventory:

Hand Weapons
 a - a +1 dagger (weapon)
Armour
 b - a +0 robe (worn)
Jewellery
 g - a cursed ring of attention {unknown}
Scrolls
 c - a scroll of blinking {unknown}
 d - 2 scrolls of remove curse {unknown}
 e - 6 scrolls of teleportation {unknown}
 f - 2 scrolls of amnesia {unknown}
 h - a scroll of enchant armour {unknown}
 i - a scroll of magic mapping {unknown}


   Skills:
 - Level 1.1(0.0) Short Blades
 - Level 2.1(0.2) Dodging
 - Level 6.0(3.7) Stealth
 - Level 2.0(0.0) Spellcasting
 + Level 6.8(4.6) Hexes


You had 4 spell levels left.
You knew the following spells:

 Your Spells              Type           Power        Failure   Level  Hunger
a - Corona                Hex            ###....      3%          1    N/A
b - Ensorcelled Hibernat  Hex/Ice        #.....       13%         2    N/A

Your spell library contained the following spells:

 Spells                   Type           Power        Failure   Level  Hunger
 Confuse                  Hex            ###.....     10%         3    N/A
 Tukima's Dance           Hex            ###.....     10%         3    N/A
 Dazzling Spray           Conj/Hex       #.....       26%         3    N/A

Dungeon Overview and Level Annotations

Branches:
Dungeon (3/15)

Altars:
Ashenzari

Annotations:
D:2 2 transporters


Innate Abilities, Weirdness & Mutations

You do not eat.
Your natural rate of healing is unusually fast.
You have razor-sharp teeth.
You have supernaturally acute eyesight. (SInv)
You can survive without breathing.


Message History

You feel drained.
The orc stops glowing.
You see here 14 stones.
A rat comes into view.
Casting: Corona (safe; 3% risk of failure)
Confirm with . or Enter, or press ? or * to list all spells.
Aiming: Ensorcelled Hibernation (safe; 13% risk of failure)
Press: ? - help, Shift-Dir - straight line, f/p - orc
Aim: an orc, wielding a +2 dagger of draining and wearing a +0 ring mail (severely wounded, chance to defeat MR: 57%)
The orc looks drowsy...
The rat bites you.
* * * LOW HITPOINT WARNING * * *
You hit the rat but do no damage. The rat bites you but does no damage.
You closely miss the rat. The rat misses you.
You barely miss the rat. The rat bites you.
* * * LOW HITPOINT WARNING * * *
You hit the rat but do no damage. The rat bites you.
* * * LOW HITPOINT WARNING * * *
You hit the rat but do no damage. Your bite misses the rat. The rat bites you.
You die...

###
...
#.#
#.#
#r#
#.
#@#
#.
#.###
#.
#.o.#
#.
###(#
#.
#.#
##.
#.#
#..
#.#
#..
#.#
#..
#.#
##.


You could see an orc (sleeping) and a rat.

Vanquished Creatures
  2 adders
  4 gnolls (D:2)
  A dart slug (D:1)
  4 leopard geckos
  An orc (D:3)
  4 bats
  A giant cockroach (D:2)
  4 goblins (D:1)
  5 hobgoblins
  4 jackals
  3 kobolds (D:2)
  A quokka (D:3)
  3 frilled lizards
  6 rats
43 creatures vanquished.

Notes
Turn   | Place    | Note
-------+----------+-------------------------------------------
     0 | D:1      | Aelig the Vampire Enchanter began the quest for the Orb.
     0 | D:1      | Reached XP level 1. HP: 13/13 MP: 3/3
   158 | D:1      | Reached skill level 5 in Hexes
   180 | D:1      | Reached XP level 2. HP: 19/19 MP: 5/5
   189 | D:1      | Learned a level 2 spell: Ensorcelled Hibernation
   741 | D:2      | Found a faded altar of an unknown god.
   782 | D:2      | Reached skill level 5 in Stealth
  1126 | D:2      | Reached XP level 3. HP: 24/24 MP: 6/6
  1461 | D:2      | Reached XP level 4. HP: 12/30 MP: 1/7
  1609 | D:2      | Found a shattered altar of Ashenzari.
  1609 | D:2      | Noticed an ogre
  1612 | D:2      | Found a transporter.
  1612 | D:2      | Noticed a centaur
  1615 | D:2      | Noticed a gnoll sergeant
  1617 | D:2      | Noticed an orc warrior
  1625 | D:2      | Found a transporter.
  2024 | D:3      | HP: 1/30 [orc/+2 dagger of draining (5)]
  2039 | D:3      | HP: 1/30 [rat (1)]
  2040 | D:3      | Slain by a rat

Levels and vault maps discovered:
D:1:      tarquinn_simple_flora_water_c, layout_loops_ring
D:2:      layout_loops_cross, gammafunk_temple_overflow_arena,
          chequers_ecumenical_altar_simple_redux, kennysheep_minor_cross
D:3:      layout_loops_ring, minmay_fountain_box

Skill      XL: |  1  2  3 |
---------------+----------+-----
Hexes          | 5 6 |  6.8
Stealth        | 5 6 |  6.0
Short Blades   | |  1.1
Dodging        | |  2.1
Spellcasting   | |  2.0

Action                   |  1- 3 |  4- 6 || total
-------------------------+-------+-------++-------
Melee: Dagger            |    95 |    44 ||   139
       Bite              |     7 |     6 ||    13
 Cast: Corona            |    15 |     7 ||    22
       Ensorcelled Hiber |     9 |     5 ||    14
 Stab: Sleeping          |    17 |     3 ||    20
       Distracted        |     1 |       ||     1
Armor: Robe              |    17 |     6 ||    23
Dodge: Dodged            |    84 |    24 ||   108
